 Dungeon Crawl Stone Soup version 0.29.0-7-g18a832c13a (webtiles) character file.

Game seed: 7232746847506582083

29 darknessisbestgirl the Trooper (level 3, -4/34 HPs)
             Began as a Minotaur Berserker on Aug 31, 2022.
             Was a Follower of Trog.
             Slain by Crazy Yiuf
             ... wielding a +4 quarterstaff of chaos
              (5 damage)
             ... on level 2 of the Dungeon.
             The game lasted 00:07:57 (1958 turns).

darknessisbestgirl the Trooper (Minotaur Berserker) Turns: 1958, Time: 00:07:58

Health: -4/34      AC:  4    Str: 23    XL:     3   Next: 1%
Magic:  2/2        EV: 12    Int:  4    God:    Trog [*.....]
Gold:   92         SH:  0    Dex:  9    Spells: 2/2 levels left

rFire   . . .      SeeInvis .   g - +0 war axe
rCold   . . .      Faith    .   (no shield)
rNeg    . . .      Spirit   .   b - +0 animal skin
rPois   .          Reflect  .   (helmet restricted)
rElec   .          Harm     .   (no cloak)
rCorr   .          Rampage  .   h - +1 pair of gloves
Will    .....                   (no boots)
Stlth   +.........              (no amulet)
HPRegen 0.11/turn               (no ring)
MPRegen 0.08/turn               (no ring)

@: no status effects
A: horns 2, retaliatory headbutt
a: Renounce Religion, Berserk


You were on level 2 of the Dungeon.
You worshipped Trog.
Trog was aware of your devotion.
You visited 1 branch of the dungeon, and saw 2 of its levels.

You collected 92 gold pieces.

Inventory:

Hand Weapons
 a - a +0 falchion
 d - a +0 hand axe
 g - a +0 war axe (weapon)
Armour
 b - a +0 animal skin (worn)
 h - a +1 pair of gloves (worn)
Jewellery
 f - a ring of willpower
Scrolls
 c - a scroll of teleportation
 e - a scroll of poison
 j - a scroll of fear
Potions
 i - 2 potions of mutation {unknown}
 k - a potion of magic {unknown}
 l - a potion of brilliance {unknown}


   Skills:
 + Level 4.4 Fighting
 - Level 3.8 Long Blades
 + Level 1.9 Axes
 - Level 2.4 Armour
 - Level 2.1 Dodging


You had 2 spell levels left.
You didn't know any spells.
Your spell library contained the following spells:

 Spells                   Type           Power      Damage    Failure   Level
 Summon Forest            Summ/Tloc      0%         N/A       100%        5
 Summon Mana Viper        Hex/Summ       0%         N/A       100%        5
 Summon Cactus Giant      Summ           0%         N/A       100%        6


Dungeon Overview and Level Annotations

Branches:
Dungeon (2/15)

Altars:

Annotations:
D:2 Crazy Yiuf


Innate Abilities, Weirdness & Mutations

You have a pair of horns on your head.
You reflexively headbutt those who attack you in melee.


Message History

There is an open door here.
The hobgoblin hits you.
The hobgoblin hits you but does no damage.
You hit the hobgoblin but do no damage. The hobgoblin misses you.
You furiously retaliate!
You headbutt the hobgoblin!
You kill the hobgoblin!
Trog accepts your kill.
You have reached level 3!
Your experience leads to an increase in your attributes!
Increase (S)trength, (I)ntelligence, or (D)exterity?
You feel stronger. x2
Found a quarterstaff.
You open the door.
There is an open door here.
There is an open door here.
There is a stone staircase leading up here.
There is a stone staircase leading up here.
There is an open door here.
You see here a hobgoblin skeleton.
There is a stone staircase leading down here.
You open the door.
There is an open door here.
There is an open door here.
There is an open door here.
You see here a rat skeleton.
Crazy Yiuf grits, "Goober water tortoise!"
As you open the door, it creaks loudly!
You barely miss Crazy Yiuf. You headbutt Crazy Yiuf!
Crazy Yiuf is heavily wounded.
Crazy Yiuf whimpers, "Liver tired agre!"
Crazy Yiuf hits you with a +4 quarterstaff of chaos!
Crazy Yiuf freezes you.
Crazy Yiuf hits you with a +4 quarterstaff of chaos!
Crazy Yiuf freezes you.
You barely miss Crazy Yiuf.
Crazy Yiuf is heavily wounded.
Crazy Yiuf hits you with a +4 quarterstaff of chaos!
* * * LOW HITPOINT WARNING * * *
Crazy Yiuf freezes you.
You die...

...#....^..####....#
...#.......# #÷...#
...#.......# ♣....♣
...'...#'### ♣♣...♣
...#####.# ♣♣.♣♣
...'.....# ♣♣.♣
...####### ♣.♣♣ ...#
♣♣.♣ ...# ♣@♣♣ ...#
#g# ...# ... ####
#...# #)..# #####


You could see Crazy Yiuf.

Vanquished Creatures
  A worm (D:2)
  2 ball pythons
  2 endoplasms (D:2)
  3 giant cockroaches
  A goblin (D:2)
  4 hobgoblins (D:2)
  A kobold (D:1)
  2 quokkas
  A bat (D:1)
  3 frilled lizards
  4 rats
24 creatures vanquished.

Vanquished Creatures (others)
  3 fungi (D:1)
3 creatures vanquished.

Grand Total: 27 creatures vanquished

Notes
Turn   | Place    | Note
-------+----------+-------------------------------------------
     0 | D:1      | darknessisbestgirl the Minotaur Berserker began the quest
                  | for the Orb.
     0 | D:1      | Reached XP level 1. HP: 19/19 MP: 0/0
   145 | D:1      | Found a faded altar of an unknown god.
   574 | D:1      | Reached skill level 4 in Fighting
   577 | D:1      | Reached skill level 1 in Axes
   577 | D:1      | Reached XP level 2. HP: 24/27 MP: 1/1
  1593 | D:2      | Found a runed translucent door.
  1594 | D:2      | Noticed Crazy Yiuf
  1791 | D:2      | Reached XP level 3. HP: 30/34 MP: 2/2
  1958 | D:2      | HP: 1/34 [Crazy Yiuf/+4 quarterstaff of chaos (11)]
  1958 | D:2      | Slain by Crazy Yiuf

Illustrated notes

Levels and vault maps discovered:
D:1:      dpeg_arrival_water_fire, layout_loops_ring,
          shapermc_ecumenical_altar_totnotflames
D:2:      layout_basic, uniq_crazy_yiuf_cottage

Skill      XL: |  1 |
---------------+----+-----
Fighting       | 4 |  4.4
Axes           | 1 |  1.9
Long Blades    | |  3.8
Armour         | |  2.4
Dodging        | |  2.1

Action                   || total
-------------------------++-------
Melee: War axe           ||    43
       Falchion          ||     3
       Headbutt          ||     7
  Use: Scroll            ||     5
Armor: Animal skin       ||    11
Dodge: Dodged            ||    31
